cohdb
Replays
Latest Replays
All Replays
Popular Replays
Top Player Replays
Match Explorer
How It Works
Community
CoH3 Stats
Reddit
Sign in to upload your games and track your stats! →
Sign in with Steam
Match 41534140
Unlisted
Match 41534140
Overview
Messages
Build Orders
End
Kradschützen Motorcycle Team
250 Light Carrier
Panzergrenadier Squad
Panzergrenadier Squad
Construct Light Support Kompanie
2.5-tonne Medical Truck
Fire Support Elements
MG34 Team
Panzerjäger Mechanized Group
Flakvierling Half-track
Selects Battlefield Espionage Battlegroup
Construct Panzerarmee Kommand
Selects Intel Disruption Beacon
Selects Plunder
Selects Firestorm
Firestorm
Walking Stuka Rocket Launcher
Selects 250/3 Funkpanzerwagen
Pak 38 Mechanized Group
Panzer III L Medium Tank
Firestorm
Armored Reserves
Firestorm
القائد
Hussein47007
nore
alialhassani770
_[IQ]_Fuhrer &F-
_[IQ]_KING OF IRAQ_
SAw
Big rock
0
0
Comments
sign in to comment!
No comments posted yet!